 Dungeon Crawl Stone Soup version 0.30-a0-1112-gfb780f5df6 (webtiles) character file.

Game seed: 5493369799478235690

2382 Elsrick the Carver (level 9, 0/67 HPs)
             Began as a Demonspawn Gladiator on Apr 20, 2023.
             Was a Follower of Ru.
             Slain by an orc wizard
             ... wielding a +0 dagger
              (2 damage)
             ... on level 7 of the Dungeon.
             The game lasted 00:22:45 (5183 turns).

Elsrick the Carver (Demonspawn Gladiator)           Turns: 5183, Time: 00:22:46

Health: 0/67       AC: 12    Str: 18    XL:     9   Next: 22%
Magic:  0/9        EV: 12    Int: 10    God:    Ru [*.....]
Gold:   267        SH:  5    Dex: 21    Spells: 8/8 levels left

rFire   . . .      SeeInvis .    a - +0 long sword
rCold   + . .      Faith    .    (no shield)
rNeg    . . .      Spirit   +    w - +2 scale mail {rC+}
rPois   .          Reflect  +    c - +0 helmet
rElec   .          Rampage  .    (no cloak)
rCorr   +                        (no gloves)
Will    .....                    (no boots)
Stlth   +                        z - amulet of reflection
HPRegen 0.31/turn                s - ring of resist corrosion
MPRegen 0.22/turn                B - +6 ring of dexterity

@: mighty
A: molten scales 1, foul stench 1, magic shield, magic regeneration, hated by
all, demonic touch 1
a: Renounce Religion


You were on level 7 of the Dungeon.
You worshipped Ru.
Ru was aware of your devotion.
You visited 2 branches of the dungeon, and saw 8 of its levels.

You collected 428 gold pieces.
You spent 161 gold pieces at shops.

Inventory:

Hand Weapons
 a - a +0 long sword (weapon)
 d - a +2 flail of protection
 y - a +1 trident of flaming
Missiles
 e - a javelin (quivered)
Armour
 c - a +0 helmet (worn)
 o - a +0 scale mail
 w - a +2 scale mail of cold resistance (worn)
Jewellery
 s - a ring of resist corrosion (left hand)
 u - a ring of magical power
 z - an amulet of reflection (around neck)
 B - a +6 ring of dexterity (right hand)
 D - an amulet of regeneration
Wands
 b - a wand of acid (6)
 l - a wand of mindburst (17)
Scrolls
 h - 5 scrolls of immolation
 r - 2 scrolls of magic mapping {unknown}
 t - a scroll of blinking {unknown}
 v - a scroll of torment {unknown}
 x - 2 scrolls of vulnerability
 C - 2 scrolls of enchant armour {unknown}
 E - a scroll of identify
Potions
 f - a potion of brilliance {unknown}
 g - 3 potions of degeneration
 i - a potion of magic {unknown}
 j - 2 potions of might
 k - 6 potions of curing
 m - a potion of resistance
 n - a potion of ambrosia {unknown}
 p - 3 potions of attraction
 q - a potion of flight
 A - a potion of haste {unknown}


   Skills:
 + Level 4.9 Fighting
 + Level 8.0 Long Blades
 + Level 2.2 Throwing
 + Level 5.4 Armour
 + Level 4.8 Dodging
 + Level 1.5 Stealth
 + Level 0.5 Shields
 + Level 0.9 Evocations


You had 8 spell levels left.
You didn't know any spells.
Your spell library contained the following spells:

 Spells                   Type           Power      Damage    Failure   Level
 Beastly Appendage        Tmut           0%         N/A       73%         1
 Blink                    Tloc           0%         N/A       86%         2
 Lesser Beckoning         Tloc           0%         N/A       86%         2
 Momentum Strike          Conj/Tloc      0%         3d8       86%         2
 Wereblood                Tmut           0%         N/A       86%         2
 Spider Form              Tmut/Pois      0%         N/A       97%         3
 Blade Hands              Tmut           0%         N/A       100%        5
 Iron Shot                Conj/Erth      0%         9d1       100%        6
 Animate Armour           Summ/Erth      Unusable   N/A       N/A         4

Dungeon Overview and Level Annotations

Branches:
Dungeon (7/15)             Temple (1/1) D:4

Altars:
Ashenzari
Cheibriados
Dithmenos
Gozag
Makhleb
Nemelex Xobeh
Okawaru
Ru
Sif Muna
Trog
Uskayaw
Vehumet
Wu Jian
Xom

Shops:
D:5 [?:


Innate Abilities, Weirdness & Mutations

You are partially covered in molten scales. (AC +2)
You may rarely emit foul miasma when damaged in melee.
When hurt, damage is shared between your health and your magic reserves.
You regenerate magic rapidly.
You are hated by all.
Your touch may inflict minor irresistible damage on your foes.


Message History

Joseph seems to slow down.
You block Joseph's attack. The orc hits you but does no damage.
Joseph is engulfed in dark miasma.
Joseph looks even sicker.
Joseph seems to slow down.
Joseph hits you with a +0 spectral quarterstaff!!
* * * LOW HITPOINT WARNING * * *
You feel better. You block the orc's attack.
Joseph is engulfed in dark miasma.
Joseph looks as sick as possible!
Joseph is stunned by your conviction and fails to attack.
You feel very mighty all of a sudden.
Joseph is no longer moving slowly.
The orc hits you but does no damage.
Joseph is engulfed in dark miasma.
Joseph looks as sick as possible!
Joseph hits you with a +0 spectral quarterstaff.
You slash Joseph!
Joseph is heavily wounded.
The orc hits you but does no damage.
Joseph is engulfed in dark miasma.
Joseph looks as sick as possible!
Joseph seems to slow down.
Joseph barely misses you.
You slash Joseph!
Joseph is severely wounded.
Joseph is no longer moving slowly.
The orc hits you but does no damage.
Joseph is engulfed in dark miasma.
Joseph looks as sick as possible!
Joseph seems to slow down.
Joseph closely misses you. The orc barely misses you.
You closely miss Joseph.
Joseph is severely wounded.
Joseph is no longer moving slowly.
Joseph hits you with a +0 spectral quarterstaff!!
* * * LOW HITPOINT WARNING * * *
The orc barely misses you.
Unknown command.
You hit Joseph.
You touch Joseph!
Joseph is almost dead.
Joseph barely misses you. You block Joseph's attack.
The orc hits you but does no damage.
You barely miss Joseph.
You touch Joseph.
You kill Joseph!
You block the orc's attack.
Your Long Blades skill increases to level 8!
You barely miss something. Something hits you.
You die...

# #.. #.#. ..... .....
#..#. #.#.# #.... #.#.#
#... ....# ...##
########### ....# #..#
#.........# ....#
#..####.........# ....#
#..{@.#.........## ##
....#
.......###o#..........#
#. ...## #######
#............# #. ...#
########..........# #.
...#
........#####.#...# #.
...# ........# #.)####
#. ...# ........# ##)#
#. ...# ........# #)#
#. ...# ........# #.#
#.


You could see an orc.

Vanquished Creatures
  Pikel (D:7)
  Joseph (D:7)
  Menkaure (D:6)
  A black bear (D:4)
  2 ogres
  2 phantoms
  2 kobold brigands (D:6)
  2 bullfrogs (D:6)
  3 scorpions
  A howler monkey (D:6)
  A jelly (D:4)
  A gnoll bouda (D:7)
  An orc priest (D:7)
  5 hounds
  2 sleepcaps (D:5)
  An iguana (D:5)
  2 orc wizards
  7 gnolls (D:7)
  7 adders
  2 white imps
  A dart slug (D:1)
  15 orcs
  10 bats
  4 endoplasms
  4 giant cockroaches
  8 goblins
  5 hobgoblins
  5 quokkas
  4 ball pythons
  2 frilled lizards
  12 kobolds
  11 rats
126 creatures vanquished.

Notes
Turn   | Place    | Note
-------+----------+-------------------------------------------
     0 | D:1      | Elsrick the Demonspawn Gladiator began the quest for the
                  | Orb.
     0 | D:1      | Reached XP level 1. HP: 16/16 MP: 1/1
   250 | D:1      | Gained mutation: You regenerate magic rapidly. [demonic
                  | ancestry]
   250 | D:1      | Reached XP level 2. HP: 22/22 MP: 2/2
   328 | D:1      | Reached skill level 3 in Long Blades
   601 | D:2      | Reached XP level 3. HP: 27/27 MP: 3/3
   714 | D:2      | Found a faded altar of an unknown god.
  1133 | D:3      | Gained mutation: You are partially covered in molten
                  | scales. (AC +2) [demonic ancestry]
  1133 | D:3      | Reached XP level 4. HP: 33/33 MP: 4/4
  1860 | D:4      | Reached skill level 1 in Armour
  1876 | D:4      | Found a shadowy altar of Dithmenos.
  1980 | D:4      | Found a staircase to the Ecumenical Temple.
  2036 | Temple   | Entered the Ecumenical Temple
  2088 | Temple   | Became a worshipper of Ru the Awakened
  2170 | D:4      | Reached skill level 4 in Long Blades
  2241 | D:4      | Noticed a black bear
  2253 | D:4      | Killed a black bear
  2254 | D:4      | Gained mutation: You may rarely emit foul miasma when
                  | damaged in melee. [demonic ancestry]
  2254 | D:4      | Reached XP level 5. HP: 28/39 MP: 5/5
  2502 | D:4      | Reached XP level 6. HP: 44/46 MP: 6/6
  2630 | D:5      | Entered Level 5 of the Dungeon
  2677 | D:5      | Reached skill level 1 in Stealth
  2758 | D:5      | Reached skill level 5 in Long Blades
  2950 | D:5      | Reached XP level 7. HP: 47/52 MP: 7/7
  3049 | D:5      | Found Rocsac's Book Emporium.
  3281 | D:5      | Found Nuzereus's Antique Armour Emporium.
  3289 | D:5      | Bought a runed scale mail for 161 gold pieces
  3390 | D:5      | Found Tozas's Magic Scroll Shop.
  3456 | D:6      | Found a broken altar of Ashenzari.
  3555 | D:6      | Reached skill level 6 in Long Blades
  3562 | D:6      | Gained mutation: You are hated by all. [Ru sacrifice]
  3562 | D:6      | Reached * piety under Ru
  3607 | D:6      | Noticed Menkaure
  3621 | D:6      | Killed Menkaure
  3622 | D:6      | Gained mutation: When hurt, damage is shared between your
                  | health and your magic reserves. [demonic ancestry]
  3622 | D:6      | Reached XP level 8. HP: 34/60 MP: 8/8
  4652 | D:7      | Noticed Pikel
  4796 | D:7      | Reached skill level 7 in Long Blades
  5069 | D:7      | Killed Pikel
  5070 | D:7      | Reached skill level 5 in Armour
  5070 | D:7      | Gained mutation: Your touch may inflict minor irresistible
                  | damage on your foes. [demonic ancestry]
  5070 | D:7      | Reached XP level 9. HP: 45/66 MP: 6/9
  5157 | D:7      | Noticed Joseph
  5180 | D:7      | HP: 1/66 [Joseph/+0 spectral quarterstaff (20)]
  5182 | D:7      | Killed Joseph
  5183 | D:7      | Reached skill level 8 in Long Blades
  5183 | D:7      | Slain by an orc wizard

Illustrated notes

Levels and vault maps discovered:
D:1:      dpeg_arrival_shrine, layout_rooms
D:2:      layout_rooms, hellmonk_ecumenical_altar_leap_of_faith
D:3:      layout_basic, minivault_11
D:4:      layout_gridville, nicolae_overflow_squiral,
          minmay_temple_entry_statues
D:5:      layout_basic, serial_shops, shop, nicolae_shop_back_alley_shop, shop,
          minmay_misc_feat_four_crosses
D:6:      layout_gridville, mainiacjoe_overflow_brackets, uniq_menkaure
D:7:      layout_basic, uniq_pikel, uniq_joseph
Temple:   nicolae_temple_bog_church

Skill      XL: |  1  2  3  4  5  6  7  8  9 |
---------------+----------------------------+-----
Dodging        | 3 4 |  4.8
Long Blades    | 3 4 5 6 7 8 |  8.0
Armour         | 1 2 4 5 |  5.4
Stealth        | 1 |  1.5
Fighting       | 3 4 |  4.9
Throwing       | 2 |  2.2
Shields        | |  0.5
Evocations     | |  0.9

Action                     |  1- 3 |  4- 6 |  7- 9 || total
---------------------------+-------+-------+-------++-------
  Melee: Long sword        |   141 |   128 |   251 ||   520
         Punch             |       |     1 |       ||     1
         Touch             |       |       |     4 ||     4
  Throw: Throwing net      |     1 |     1 |     1 ||     3
 Invoke: Sacrifice Love    |       |       |     1 ||     1
  Evoke: Wand              |       |       |     5 ||     5
    Use: Potion            |       |     1 |     2 ||     3
         Scroll            |       |       |     6 ||     6
   Stab: Sleeping          |     2 |       |       ||     2
         Held in net/web   |       |     2 |       ||     2
 Armour: Leather armour    |    76 |     1 |       ||    77
         Scale mail        |       |    61 |   130 ||   191
  Dodge: Dodged            |   170 |    75 |   144 ||   389
  Block: Other             |       |       |    14 ||    14
         Reflection        |       |       |     1 ||     1

Table legend: (Time is in decaauts)
 A = Elapsed time spent in this place.
 B = Non-inter-level travel time spent in this place.
 C = Inter-level travel time spent in this place.
 D = Time resting spent in this place.
 E = Time spent auto-exploring this place.
 F = Levels seen in this place.
 G = Mean time per level.
                   A        B        C        D        E       F      G
               +--------+--------+--------+--------+--------+-----+--------+
         Total |   5265 |   5007 |    258 |    537 |   2734 |   8 |  658.1 |
       Dungeon |   5145 |   4898 |    247 |    537 |   2681 |   7 |  735.0 |
        Temple |    120 |    109 |     11 |      0 |     53 |   1 |  120.0 |
               +--------+--------+--------+--------+--------+-----+--------+

Top non-repeatable levels by time:
     D:6: 1049 daAuts
     D:5: 796 daAuts
     D:7: 731 daAuts
     D:4: 715 daAuts
     D:3: 701 daAuts
     D:1: 616 daAuts
     D:2: 535 daAuts
  Temple: 120 daAuts
